 Dungeon Crawl Stone Soup version 0.29-a0-911-g88e6f02907 (webtiles) character file.

Game seed: 14537094345213936127

5977 Mesmaeker13 the Fighter (level 10, 0/86 HPs)
             Began as a Barachi Hunter on July 25, 2022.
             Was an Elder of Cheibriados.
             Slain by a fire elemental (5 damage)
             ... summoned by a deep elf pyromancer
             ... on level 8 of the Dungeon.
             The game lasted 00:25:50 (9220 turns).

Mesmaeker13 the Fighter (Barachi Hunter)            Turns: 9220, Time: 00:25:50

Health: 0/86       AC: 21    Str: 26    XL:     10   Next: 84%
Magic:  12/12      EV: 16    Int: 25    God:    Cheibriados [****..]
Gold:   449        SH:  5    Dex: 25    Spells: 8/9 levels left

rFire   . . .      SeeInvis .   F - +9 hammer of Onaoxt {protect, Str+4}
rCold   + . .      Faith    .   (no shield)
rNeg    . . .      Spirit   .   H - +2 ring mail {rC+}
rPois   .          Reflect  +   h - +0 helmet
rElec   .          Harm     .   f - +0 cloak
rCorr   .          Rampage  .   j - +0 pair of gloves
Will    ++...                   I - +0 pair of boots
Stlth   ++........              E - amulet of reflection
HPRegen 0.24/turn               g - ring of willpower
MPRegen 0.13/turn               r - ring of willpower

@: under a protective aura, very slow
A: amphibious, slowness 1, strong legs 1, +LOS
a: Hop, Renounce Religion, Bend Time, Temporal Distortion, Slouch


You were on level 8 of the Dungeon.
You worshipped Cheibriados.
Cheibriados was greatly pleased with you.
You visited 2 branches of the dungeon, and saw 9 of its levels.

You collected 449 gold pieces.

Inventory:

Hand Weapons
 a - a +2 shortbow
 F - the +9 hammer of Onaoxt (weapon) {protect, Str+4}
   (You found it on level 5 of the Dungeon)

   It grants its wielder temporary protection when it strikes (+7 to AC).
   Str:       It affects your strength (+4).
 G - a +1 hammer of holy wrath
 K - a +1 trident of venom
Missiles
 y - 2 curare-tipped darts
 J - 6 throwing nets (quivered)
Armour
 f - a +0 cloak (worn)
 h - a +0 helmet (worn)
 j - a +0 pair of gloves (worn)
 l - the +1 robe of the Wasteland {Will+ Str+3 Int+4 Dex+2}
   (You found it on level 2 of the Dungeon)

   Str:       It affects your strength (+3).
   Int:       It affects your intelligence (+4).
   Dex:       It affects your dexterity (+2).
   Will:      It increases your willpower.
 u - the +7 plate armour of Tissi {rPois Regen+ rCorr}
   (You found it on level 4 of the Dungeon)

   rPois:     It protects you from poison.
   Regen:     It increases your rate of health regeneration.
   rCorr:     It protects you from acid and corrosion.
 H - a +2 ring mail of cold resistance (worn)
 I - a +0 pair of boots (worn)
Jewellery
 g - a ring of willpower (left hand)
 q - a ring of fire
 r - a ring of willpower (right hand)
 t - an amulet of faith
 E - an amulet of reflection (around neck)
 M - a ring of ice
Wands
 C - a wand of acid (6)
Scrolls
 b - 2 scrolls of immolation
 i - a scroll of amnesia
 o - 4 scrolls of magic mapping
 v - 2 scrolls of teleportation {unknown}
 z - 2 scrolls of butterflies {unknown}
 D - a scroll of noise {unknown}
Potions
 d - 3 potions of haste
 k - 3 potions of brilliance
 m - 4 potions of flight
 n - 4 potions of mutation
 s - a potion of cancellation {unknown}
 A - a potion of berserk rage {unknown}
 N - a potion of resistance {unknown}
 O - a potion of ambrosia {unknown}
 Q - a potion of lignification {unknown}


   Skills:
 + Level 10.6 Fighting
 + Level 9.6 Ranged Weapons
 + Level 7.8 Armour
 - Level 6.3 Dodging
 - Level 0.8 Stealth
 - Level 4.6 Summonings
 + Level 3.3 Invocations


You had 8 spell levels left.
You knew the following spells:

 Your Spells              Type           Power      Damage    Failure   Level
a - Summon Small Mammal   Summ           92%        N/A       2%          1

Your spell library contained the following spells:

 Spells                   Type           Power      Damage    Failure   Level
 Apportation              Tloc           0%         N/A       19%         1
 Necrotise                Necr           0%         1d4       19%         1
 Blink                    Tloc           0%         N/A       28%         2
 Gell's Gravitas          Tloc           0%         N/A       50%         3
 Lesser Beckoning         Tloc           0%         N/A       50%         3
 Stone Arrow              Conj/Erth      0%         3d7       50%         3
 Teleport Other           Tloc           0%         N/A       50%         3
 Animate Armour           Summ/Erth      22%        N/A       58%         4
 Manifold Assault         Tloc           0%         N/A       99%         5
 Lehudib's Crystal Spear  Conj/Erth      0%         10d2      100%        8


Dungeon Overview and Level Annotations

Branches:
Dungeon (8/15)             Temple (1/1) D:6
   Lair: D:8-11

Altars:
Cheibriados
Dithmenos
Elyvilon
Gozag
Hepliaklqana
Kikubaaqudgha
Qazlal
Sif Muna
Trog
Uskayaw
Wu Jian
Xom
The Shining One

Shops:
D:7 **

Annotations:
D:7 2 transporters, Xenophilius's ghost, novice KoWr


Innate Abilities, Weirdness & Mutations

You are amphibious.
You cover ground slowly.
You can hop short distances.
You have an extended range of vision and can be seen from far away.


Message History

The deep elf pyromancer hits you but does no damage.
Unknown command.
You hit the deep elf pyromancer.
The deep elf pyromancer is severely wounded.
You block the fire elemental's attack. The fire elemental misses you.
The fire elemental barely misses you.
The deep elf pyromancer hits you but does no damage.
You block the fire elemental's attack.
Unknown command.
You sock the deep elf pyromancer!
The deep elf pyromancer is almost dead.
The fire elemental hits you. The fire elemental burns you!
The fire elemental hits you. The fire elemental burns you!
You block the deep elf pyromancer's attack.
The fire elemental closely misses you. The fire elemental hits you.
The fire elemental burns you!
You closely miss the deep elf pyromancer.
The deep elf pyromancer is almost dead.
The fire elemental hits you. The fire elemental burns you!
* * * LOW HITPOINT WARNING * * *
The deep elf pyromancer hits you but does no damage.
The fire elemental hits you. The fire elemental burns you!
* * * LOW HITPOINT WARNING * * *
The deep elf pyromancer gestures at you while chanting.
The bolt of fire misses you. The fire elemental hits you.
The fire elemental burns you!
* * * LOW HITPOINT WARNING * * *
The fire elemental hits you. The fire elemental burns you!
* * * LOW HITPOINT WARNING * * *
You hit the deep elf pyromancer.
The deep elf pyromancer is almost dead.
The fire elemental closely misses you.
The fire elemental completely misses you.
The deep elf pyromancer hits you but does no damage.
The fire elemental misses you.
Unknown command.
You closely miss the deep elf pyromancer.
The deep elf pyromancer is almost dead.
The fire elemental hits you. The fire elemental burns you!
You die...

....<# ...............
.....# .. ...............
.....# ...
............... .....#
...#######.........).....
.....#
..................#######
.....# ..................
.....# ........E........
.....# .......eEE.......
#.'### ........@........
....#
#########'#####.....
....#
..............#.....
....#
....................
....#
..............#.....
....#
.......##'#####.....
....#
..######............
....# .
#................. ....#
#.................


You could see a deep elf pyromancer and 3 fire elementals.

Vanquished Creatures
  Erica (D:8)
  A centaur warrior (D:8)
  An ugly thing (D:8)
  A wyvern (D:7)
  Menkaure (D:5)
  2 black bears
  2 ice beasts
  A sky beast (D:7)
  2 ogres
  2 centaurs (D:4)
  2 kobold brigands
  3 gnoll sergeants
  3 scorpions
  A bullfrog (D:8)
  18 wights
  3 killer bees (D:8)
  An electric eel (D:7)
  4 howler monkeys
  4 jellies
  Crazy Yiuf (D:5)
  2 orc priests (D:6)
  5 gnoll boudas
  9 hounds
  3 iguanas
  5 orc wizards
  Terence (D:3)
  6 adders
  40 gnolls
  A shadow imp (D:5)
  2 white imps
  A worm (D:2)
  4 dart slugs
  18 orcs
  8 ball pythons
  10 bats
  8 endoplasms
  10 giant cockroaches
  6 goblins
  2 hobgoblins
  3 jackals (D:7)
  3 quokkas
  5 frilled lizards
  15 kobolds
  3 rats
224 creatures vanquished.

Vanquished Creatures (collateral kills)
  A gnoll (D:7)
1 creature vanquished.

Vanquished Creatures (others)
  An ugly thing (D:8)
  A fungus (D:5)
2 creatures vanquished.

Grand Total: 227 creatures vanquished

Notes
Turn   | Place    | Note
-------+----------+-------------------------------------------
     0 | D:1      | Mesmaeker13 the Barachi Hunter began the quest for the Orb.
     0 | D:1      | Reached XP level 1. HP: 17/17 MP: 1/1
   117 | D:1      | Reached XP level 2. HP: 23/23 MP: 2/2
   268 | D:1      | Reached skill level 3 in Fighting
   396 | D:1      | Reached XP level 3. HP: 20/29 MP: 3/3
  1004 | D:2      | Identified the +1 robe of the Wasteland {Will+ Str+3 Int+4
                  | Dex+2}
  1074 | D:2      | Reached XP level 4. HP: 35/35 MP: 4/4
  1506 | D:3      | Found a faded altar of an unknown god.
  1511 | D:3      | Noticed Terence
  1545 | D:3      | Killed Terence
  1546 | D:3      | Reached skill level 4 in Fighting
  1546 | D:3      | Reached XP level 5. HP: 5/42 MP: 5/5
  2008 | D:3      | Found an opulent altar of Gozag.
  2225 | D:4      | Identified the +7 plate armour of Tissi {rPois Regen+
                  | rCorr}
  2249 | D:4      | Noticed a centaur
  2250 | D:4      | Noticed a centaur
  2255 | D:4      | Reached skill level 5 in Ranged Weapons
  2255 | D:4      | Killed a centaur
  2256 | D:4      | Reached XP level 6. HP: 16/50 MP: 6/6
  2257 | D:4      | Reached skill level 5 in Fighting
  2963 | D:4      | Reached XP level 7. HP: 56/56 MP: 7/7
  3097 | D:4      | Reached skill level 5 in Dodging
  3536 | D:5      | Entered Level 5 of the Dungeon
  3582 | D:5      | Noticed Menkaure
  3661 | D:6      | Reached skill level 6 in Fighting
  3921 | D:5      | Killed Menkaure
  3922 | D:5      | Reached XP level 8. HP: 61/65 MP: 8/8
  4377 | D:5      | Found a hazy altar of Hepliaklqana.
  4670 | D:5      | Identified the +9 hammer of Onaoxt {protect, Str+4}
  4676 | D:5      | Found a runed translucent door.
  4677 | D:5      | Noticed Crazy Yiuf
  4686 | D:5      | Killed Crazy Yiuf
  4906 | D:5      | Reached skill level 7 in Fighting
  4976 | D:5      | Reached skill level 1 in Armour
  5131 | D:5      | Found a shimmering blue altar of Sif Muna.
  5479 | D:6      | Found a staircase to the Ecumenical Temple.
  5489 | Temple   | Entered the Ecumenical Temple
  5556 | Temple   | Became a worshipper of Cheibriados the Contemplative
  5963 | D:6      | Found a stormy altar of Qazlal.
  6255 | D:6      | Reached skill level 8 in Fighting
  6265 | D:6      | Reached XP level 9. HP: 74/74 MP: 9/9
  6329 | D:6      | Learned a level 1 spell: Summon Small Mammal
  6450 | D:7      | Reached skill level 1 in Summonings
  6502 | D:7      | Reached * piety under Cheibriados
  6623 | D:7      | Identified the +1 scale mail of Aruz {Dex+3}
  6701 | D:7      | Reached ** piety under Cheibriados
  6737 | D:7      | Reached skill level 5 in Armour
  6955 | D:7      | Found a transporter.
  6956 | D:7      | Identified the +6 great mace of Linearity {vorpal, Fragile
                  | rN+ Will+ Int+3}
  6956 | D:7      | Noticed a two-headed ogre
  6956 | D:7      | Noticed Xenophilius's ghost (novice KoWr)
  6964 | D:7      | Found a transporter.
  7006 | D:7      | Reached skill level 9 in Fighting
  7190 | D:7      | Found Qizxenki's Assorted Antiques.
  7237 | D:7      | Reached *** piety under Cheibriados
  7243 | D:7      | Reached XP level 10. HP: 83/83 MP: 10/10
  7371 | D:7      | Found Ykhluud's General Store.
  7570 | D:8      | Noticed Erica
  7772 | D:8      | Killed Erica
  7773 | D:8      | Reached skill level 1 in Invocations
  8316 | D:8      | Noticed a purple ugly thing
  8317 | D:8      | Noticed a centaur warrior
  8322 | D:8      | Noticed a purple ugly thing
  8337 | D:8      | Reached skill level 10 in Fighting
  8347 | D:8      | Killed a purple ugly thing
  8354 | D:8      | Killed a centaur warrior
  8358 | D:8      | Noticed a deep elf pyromancer
  8936 | D:8      | Reached **** piety under Cheibriados
  9218 | D:8      | HP: 4/86 [fire elemental[a deep elf pyromancer] (6)]
  9220 | D:8      | Slain by a fire elemental

Illustrated notes

Levels and vault maps discovered:
D:1:      giann_bridges, layout_loops_ring, minmay_misc_feat_enclosed,
          roderic_cross_of_infinity, minmay_worlds_worst_comb
D:2:      layout_rooms, serial_park_tiny_pond, minmay_misc_feat_columns
D:3:      layout_basic, grunt_gozag_statues,
          hellmonk_ecumenical_altar_leap_of_faith, uniq_terence
D:4:      layout_layer_cave, minmay_unequal
D:5:      layout_basic, led_sif_pool, mainiacjoe_overflow_paths,
          uniq_crazy_yiuf_cottage, uniq_menkaure
D:6:      layout_basic, nicolae_qazlal_general_emergency,
          lemuel_temple_firewalk_b
D:7:      layout_cave_pools, gammafunk_ghost_smash, serial_gnoll_camp,
          gnoll_camp_mini_shop, gnoll_camp_mini_house, gnoll_camp_huts_moat,
          gnoll_camp_mini_shop
D:8:      layout_gridville, minmay_misc_feat_x, minmay_manual_maat, uniq_erica
Temple:   hc_temple_tempest_star

Skill      XL: |  1  2  3  4  5  6  7  8  9 10 |
---------------+-------------------------------+-----
Fighting       | 3 4 5 6 8 9 10 | 10.6
Dodging        | 3 4 5 6 |  6.3
Ranged Weapons | 5 6 7 8 9 |  9.6
Armour         | 3 6 7 |  7.8
Summonings     | 4 |  4.6
Invocations    | 3 |  3.3
Stealth        | |  0.8

Action                   |  1- 3 |  4- 6 |  7- 9 | 10-12 || total
-------------------------+-------+-------+-------+-------++-------
Melee: Dagger            |       |       |    15 |       ||    15
       Mace              |       |       |    87 |    86 ||   173
       Punch             |       |       |     1 |       ||     1
 Fire: Shortbow          |    97 |   119 |   349 |    78 ||   643
Throw: Dart              |       |       |     5 |     1 ||     6
       Throwing net      |       |       |       |     1 ||     1
 Abil: Hop               |       |     1 |     5 |     1 ||     7
Evoke: Wand              |       |       |    10 |    14 ||    24
  Use: Scroll            |     5 |     7 |     2 |     2 ||    16
       Potion            |       |     1 |       |     4 ||     5
Armor: Leather armour    |    19 |     4 |       |       ||    23
       Ring mail         |       |    10 |   103 |   131 ||   244
Dodge: Dodged            |    27 |    34 |   163 |   203 ||   427
Block: Other             |       |       |    50 |    71 ||   121
       Reflection        |       |       |     3 |     1 ||     4

Table legend: (Time is in decaauts)
 A = Elapsed time spent in this place.
 B = Non-inter-level travel time spent in this place.
 C = Inter-level travel time spent in this place.
 D = Time resting spent in this place.
 E = Time spent auto-exploring this place.
 F = Levels seen in this place.
 G = Mean time per level.
                   A        B        C        D        E       F      G
               +--------+--------+--------+--------+--------+-----+--------+
         Total |  11382 |  11053 |    329 |   2855 |   5623 |   9 | 1264.7 |
       Dungeon |  11257 |  10971 |    286 |   2855 |   5557 |   8 | 1407.1 |
        Temple |    124 |     82 |     42 |      0 |     66 |   1 |  124.0 |
               +--------+--------+--------+--------+--------+-----+--------+

Top non-repeatable levels by time:
     D:8: 2186 daAuts
     D:7: 1839 daAuts
     D:6: 1691 daAuts
     D:4: 1549 daAuts
     D:5: 1499 daAuts
     D:3: 961 daAuts
     D:1: 960 daAuts
     D:2: 569 daAuts
  Temple: 124 daAuts
